 Dungeon Crawl Stone Soup version 0.24.0-123-gd5b16e6ec5 (webtiles) character file.

Game seed: 15035216763501902806, levelgen mode: deterministic

57911 Andrea the Severer (level 14, -14/127 HPs)
             Began as a Minotaur Berserker on Jan 7, 2020.
             Was a High Priest of Trog.
             Killed from afar by an orc warrior (41 damage)
             ... with an exploding inner flame
             ... hexed by the player character
             ... on level 2 of the Orcish Mines.
             The game lasted 00:43:57 (18053 turns).

Andrea the Severer (Minotaur Berserker)            Turns: 18053, Time: 00:43:58

Health: -14/127    AC: 26    Str: 28      XL:     14   Next: 47%
Magic:  14/14      EV:  7    Int:  8 (11) God:    Trog [*****.]
Gold:   1541       SH: 32    Dex: 11      Spells: 13/13 levels left

rFire    . . .     SeeInvis .   y - +4 broad axe (elec)
rCold    + + .     Gourm    .   N - +18 shield of the Gong {rElec rN+ MR+ EV-5}
rNeg     + . .     Faith    .   t - +2 plate armour {rPois}
rPois    +         Spirit   .   (helmet restricted)
rElec    +         Reflect  .   S - +2 cloak of Okhlek {Str+5}
rCorr    .         Harm     .   v - +2 pair of gloves {Str+3}
MR       ++...                  H - +0 pair of boots
Stlth    ..........             Z - amulet "Xeahotu" {+Inv rElec rC+ Regen+ Str-2}
HPRegen  0.71/turn              W - ring of flight
MPRegen  0.14/turn              B - ring "Buqunoq" {rElec rC+ Int+3}

@: lightly drained
A: retaliatory headbutt, horns 2
a: Berserk, Trog's Hand, Brothers in Arms, Renounce Religion, Evoke
Invisibility, Evoke Flight


You were on level 2 of the Orcish Mines.
You worshipped Trog.
Trog was extremely pleased with you.
You were not hungry.

You visited 4 branches of the dungeon, and saw 21 of its levels.
You also visited: Ossuary, Bailey and Gauntlet.

You collected 1541 gold pieces.

Inventory:

Hand Weapons
 y - a +4 broad axe of electrocution (weapon)
 E - a +3 hand axe of freezing
Missiles
 i - 15 silver javelins
 s - 17 atropa-tipped darts
 P - 45 poisoned darts (quivered)
Armour
 j - a +0 shield
 t - a +2 plate armour of poison resistance (worn)
 v - a +2 pair of gloves of strength (worn)
 H - a +0 pair of boots (worn)
 N - the +18 shield of the Gong (worn) {rElec rN+ MR+ EV-5}
   (You found it on level 9 of the Dungeon)

   It affects your evasion (-5).
   It insulates you from electricity.
   It protects you from negative energy.
   It affects your resistance to hostile enchantments.
 S - the +2 cloak of Okhlek (worn) {Str+5}
   (You found it in a Gauntlet)

   It affects your strength (+5).
Jewellery
 f - an uncursed ring of poison resistance
 x - an uncursed ring of ice
 z - an uncursed ring of positive energy
 B - the ring "Buqunoq" (right hand) {rElec rC+ Int+3}
   (You found it on level 2 of the Lair of Beasts)

   [ring of protection from cold]

   It affects your intelligence (+3).
   It protects you from cold.
   It insulates you from electricity.
 K - an uncursed ring of fire
 T - the ring "Apnaut" {+Blink rCorr Int-2 Dex+7 SInv}
   (You found it on level 3 of the Lair of Beasts)

   [ring of resist corrosion]

   It affects your intelligence (-2).
   It affects your dexterity (+7).
   It lets you see invisible.
   It lets you blink.
   It provides partial protection from all sources of acid and corrosion.
 W - a ring of flight (left hand)
 Z - the amulet "Xeahotu" (around neck) {+Inv rElec rC+ Regen+ Str-2}
   (You found it in a Gauntlet)

   [amulet of regeneration]

   It affects your strength (-2).
   It protects you from cold.
   It insulates you from electricity.
   It lets you turn invisible.
   It increases your rate of regeneration.
Wands
 q - a wand of enslavement (8)
 r - a wand of paralysis (26)
 I - a wand of disintegration (17)
 U - a wand of random effects (17)
 V - a wand of polymorph (13)
 X - a wand of acid (12)
Scrolls
 a - 2 scrolls of magic mapping
 d - 13 scrolls of teleportation
 e - 7 scrolls of identify
 g - 12 scrolls of remove curse
 o - 3 scrolls of blinking
 p - 5 scrolls of enchant weapon
 F - a scroll of brand weapon {unknown}
 L - 3 scrolls of fog
 O - 4 scrolls of enchant armour
 Q - 2 scrolls of fear
Potions
 b - 5 potions of lignification
 h - 5 potions of flight
 k - 8 potions of curing
 l - 2 potions of heal wounds
 m - a potion of cancellation {unknown}
 n - 7 potions of haste
 u - a potion of might
 w - 2 potions of invisibility {unknown}
 A - 3 potions of mutation
 G - a potion of agility
 J - 4 potions of magic
 M - 2 potions of resistance
 R - 2 potions of berserk rage {unknown}
 Y - 3 potions of brilliance {unknown}
Miscellaneous
 D - 3 phantom mirrors
Comestibles
 c - 56 rations


   Skills:
 + Level 12.5(12.3) Fighting
 - Level 16.0(15.7) Axes
 + Level 13.0(12.8) Armour
 - Level 10.0(9.8) Dodging
 - Level 15.0(14.7) Shields
 * Level 1.8(1.7) Evocations


You had 13 spell levels left.
You didn't know any spells.
Your spell library was empty.

Dungeon Overview and Level Annotations

Branches:
Dungeon (12/15)            Temple (1/1) D:7            Lair (6/6) D:8
  Swamp (0/4) Lair:2       Spider (0/4) Lair:3        Slime (0/5) Lair:5
    Orc (2/2) D:12        Ossuary (visited)          Bailey (visited)
Gauntlet (visited)
    Elf: Orc:2

Altars:
Ashenzari
Cheibriados
Dithmenos
Elyvilon
Fedhas
Gozag
Hepliaklqana
Kikubaaqudgha
Makhleb
Nemelex Xobeh
Okawaru
Qazlal
Ru
Sif Muna
Trog
Uskayaw
Vehumet
Wu Jian
Xom
Yredelemnul
Zin
The Shining One

Shops:
D:9 =   D:11 ?   D:12 (

Annotations:
D:5 1 runed translucent door


Innate Abilities, Weirdness & Mutations

You reflexively headbutt those who attack you in melee.
You have a pair of horns on your head.


Message History

You closely miss the orc warrior.
The orc priest calls down the wrath of Beogh upon you.
Beogh smites you!
* * * LOW HITPOINT WARNING * * *
An orc warrior comes into view. It is wielding a +0 battleaxe.
You slash the orc priest!
You kill the orc priest!
Trog accepts your kill.
You slash the orc warrior! You block the orc warrior's attack.
PTOANNNG!
You hear a howl!
You hear a shout!
Unknown command.
You closely miss the orc warrior.
The orc warrior is moderately wounded.
You block the orc warrior's attack.
GONNNNG!
You hear a shout!
Unknown command.
You carve the orc warrior like a ham!!!
The orc warrior explodes!
The fiery explosion engulfs you!!!
You die...

#.#...................
......................
#.....................
##...$.....#..........
..............[.......
$..........[..[.....^.
..........$)$#........
.......%.§§.#......$..
.........§§@).........
......o$.§[§.........#
..........[.<.......##
...........[(.......#
............(.........
....#....((..(........
....#..............##
...............#
#.#.............


You could see an orc warrior.

Vanquished Creatures
  A minotaur (Gauntlet)
  Snorg (Lair:5)
  A fire dragon (Lair:6)
  A catoblepas (Lair:6)
  An orc high priest (Orc:2)
  A death yak (Lair:4)
  An unseen horror (D:10)
  The ghost of Elellon the Cudgeler, a novice DDFi (D:5)
  A swamp dragon (Lair:6)
  An orc knight (Bailey)
  2 ugly things (D:11)
  An orc sorcerer (Orc:2)
  A manticore (Lair:6)
  2 oklob plants (Lair:2)
  A moth of wrath (Gauntlet)
  3 black mambas
  2 centaur zombies
  Maurice (Orc:1)
  9 elephants
  2 guardian serpents (D:10)
  An eye of devastation (Lair:5)
  6 spiny frogs
  4 gargoyles
  4 torpor snails
  7 komodo dragons
  8 rime drakes
  2 queen bees
  2 trolls
  10 polar bears (Lair:6)
  3 meliai (Lair:4)
  13 blink frogs
  A raiju (Lair:6)
  5 hippogriffs
  4 bog bodies (Lair:2)
  3 flying skulls (Gauntlet)
  A shadow (D:12)
  2 redbacks (Gauntlet)
  A wraith (D:11)
  23 yaks
  The ghost of dasteron the Covered, an amateur MiFi of Makhleb (D:4)
  4 wyverns
  2 basilisks
  4 hogs (D:7)
  A human (D:7)
  A hungry ghost (D:10)
  Grum (D:10)
  A swamp worm (Lair:2)
  A steam dragon (D:8)
  Menkaure (D:4)
  6 wargs (Lair:6)
  A soldier ant (D:10)
  2 acid dragons
  12 water moccasins
  4 swamp drakes (Lair:6)
  14 hell hounds (Lair:6)
  8 porcupines
  4 sky beasts
  13 black bears
  11 orc warriors
  3 phantoms
  An eye of draining (Lair:5)
  An ice beast (D:5)
  7 ogres
  6 necrophages
  30 wolves
  2 centaurs
  6 crocodiles
  An elf zombie (Ossuary)
  3 big kobolds
  8 bullfrogs
  5 scorpions
  62 killer bees
  4 wights (D:9)
  An electric eel (Lair:2)
  A howler monkey (D:6)
  7 crimson imps
  4 quasits
  11 hounds
  4 jellies
  4 bullfrog skeletons
  2 bullfrog zombies
  5 orc priests
  16 orc wizards
  2 human zombies (Ossuary)
  Terence (D:2)
  4 iguanas
  5 hell rats (Lair:3)
  3 worker ants
  2 big kobold zombies (Ossuary)
  2 hound zombies
  2 mummies (Ossuary)
  Robin (D:4)
  5 gnolls
  A river rat (D:5)
  14 adders
  A shadow imp (D:7)
  2 oozes
  An adder skeleton (D:5)
  3 adder zombies
  4 worms
  2 dart slugs
  7 leopard geckos
  52 orcs
  8 bats
  4 giant cockroaches
  9 hobgoblins
  3 jackals (D:2)
  9 quokkas
  A ball python (D:4)
  4 frilled lizards
  19 goblins
  2 goblin zombies (Ossuary)
  7 hobgoblin zombies (Ossuary)
  3 jackal zombies (Ossuary)
  21 kobolds
  11 kobold zombies (Ossuary)
  7 orc zombies (Ossuary)
  A quokka skeleton (D:4)
  A quokka zombie (D:7)
  2 rats
  A rat zombie (Ossuary)
  A fungus (Lair:2)
  4 plants
652 creatures vanquished.

Vanquished Creatures (collateral kills)
  4 hydras
  An ugly thing (D:11)
  2 elephants (Gauntlet)
  A komodo dragon (Lair:4)
  2 blink frogs (Lair:4)
  A hippogriff (Lair:6)
  A basilisk (Lair:4)
  A water moccasin (Lair:4)
  A porcupine (Lair:4)
  An orc warrior (Bailey)
  4 necrophages (Lair:4)
  A crocodile (Lair:4)
  2 bullfrogs
  3 killer bees (Lair:4)
  A gnoll (Bailey)
  A plant (Lair:6)
27 creatures vanquished.

Vanquished Creatures (others)
  An iguana (Lair:6)
  A gnoll (Orc:1)
  An orc (Orc:2)
  7 fungi
  13 plants (Lair:6)
23 creatures vanquished.

Grand Total: 702 creatures vanquished

Notes
Turn   | Place    | Note
-------+----------+-------------------------------------------
     0 | D:1      | Andrea the Minotaur Berserker began the quest for the Orb.
     0 | D:1      | Reached XP level 1. HP: 19/19 MP: 0/0
    47 | D:1      | Reached skill level 4 in Axes
    99 | D:1      | Reached XP level 2. HP: 24/26 MP: 1/1
   301 | D:1      | Reached skill level 5 in Axes
   369 | D:1      | Found a hazy altar of Hepliaklqana.
   564 | D:2      | Reached XP level 3. HP: 31/31 MP: 2/2
   742 | D:2      | Reached ** piety under Trog
   793 | D:2      | Reached skill level 6 in Axes
   793 | D:2      | Reached XP level 4. HP: 21/39 MP: 3/3
   942 | D:2      | Noticed Terence
   949 | D:2      | Killed Terence
  1105 | D:2      | Found a stormy altar of Qazlal.
  1772 | D:3      | Found a radiant altar of Vehumet.
  1792 | D:3      | Found a faded altar of an unknown god.
  1806 | D:3      | Found a sacrificial altar of Ru.
  1812 | D:3      | Reached skill level 7 in Axes
  1812 | D:3      | Reached XP level 5. HP: 45/45 MP: 4/4
  2364 | D:4      | Found an opulent altar of Gozag.
  2364 | D:4      | Noticed Robin
  2371 | D:4      | Killed Robin
  2371 | D:4      | Reached skill level 8 in Axes
  2417 | D:4      | Reached XP level 6. HP: 44/51 MP: 5/5
  2463 | D:4      | Reached *** piety under Trog
  2676 | D:4      | Found a sand-covered staircase.
  2681 | Ossuary  | Entered an ossuary
  2720 | Ossuary  | Received a gift from Trog
  2850 | Ossuary  | Reached skill level 9 in Axes
  3375 | D:4      | Found a transporter.
  3378 | D:4      | Noticed dasteron's ghost (amateur MiFi)
  3385 | D:4      | Reached XP level 7. HP: 57/57 MP: 6/6
  3410 | D:4      | Noticed Menkaure
  3416 | D:4      | Killed Menkaure
  3416 | D:4      | Reached skill level 10 in Axes
  3479 | D:4      | Found a transporter.
  3523 | D:4      | Reached **** piety under Trog
  3523 | D:4      | Received a gift from Trog
  3809 | D:4      | Killed dasteron's ghost
  3815 | D:4      | Reached skill level 11 in Axes
  3863 | D:5      | Entered Level 5 of the Dungeon
  3952 | D:5      | Reached XP level 8. HP: 35/64 MP: 7/7
  3992 | D:5      | Found a runed translucent door.
  3993 | D:5      | Noticed Elellon's ghost (novice DDFi)
  4015 | D:5      | Found a burning altar of Makhleb.
  4101 | D:5      | Reached skill level 12 in Axes
  4206 | D:5      | Found a runed translucent door.
  4399 | D:5      | Found a shadowy altar of Dithmenos.
  4413 | D:5      | Found a blossoming altar of Fedhas.
  4884 | D:6      | Found a shattered altar of Ashenzari.
  5417 | D:7      | Reached skill level 13 in Axes
  5427 | D:7      | Found a staircase to the Ecumenical Temple.
  5505 | Temple   | Entered the Ecumenical Temple
  6077 | D:7      | Found a burning altar of Makhleb.
  6079 | D:7      | Noticed a cacodemon
  6196 | D:7      | Found a white marble altar of Elyvilon.
  6222 | D:7      | Reached XP level 9. HP: 40/70 MP: 8/8
  6309 | D:7      | Reached skill level 14 in Axes
  6461 | D:7      | Reached skill level 5 in Fighting
  6468 | D:7      | Reached skill level 5 in Armour
  6850 | D:5      | Killed Elellon's ghost
  7122 | D:8      | Reached XP level 10. HP: 71/88 MP: 9/9
  7132 | D:8      | Reached ***** piety under Trog
  7146 | D:8      | Found a flagged portal.
  7155 | Bailey   | Entered a bailey
  7341 | Bailey   | Noticed an orc knight
  7360 | Bailey   | Killed an orc knight
  7365 | Bailey   | Found a bloodstained altar of Trog.
  7382 | Bailey   | Got a brightly glowing ivory ring
  7602 | D:8      | Identified the ring "Kojoumete" {EV+2 Stlth+} (You found it
                  | in a bailey)
  7743 | D:8      | Found a staircase to the Lair.
  7949 | D:8      | Received a gift from Trog
  8227 | D:9      | Found Waffirphostrev's Jewellery Shop.
  8564 | D:9      | Found a snail-covered altar of Cheibriados.
  8624 | D:9      | Found the +18 shield of the Gong {rElec rN+ MR+ EV-5}
  8630 | D:9      | Reached skill level 10 in Fighting
  8760 | D:10     | Entered Level 10 of the Dungeon
  8760 | D:10     | Noticed a guardian serpent
  8769 | D:10     | Killed a guardian serpent
  8821 | D:10     | Noticed an unseen horror
  8837 | D:10     | Killed an unseen horror
  8837 | D:10     | Reached skill level 10 in Armour
  8851 | D:10     | Reached skill level 1 in Shields
  9193 | D:10     | Reached XP level 11. HP: 92/99 MP: 10/10
  9208 | D:10     | Noticed Grum
  9223 | D:10     | Killed Grum
  9353 | D:10     | Reached skill level 5 in Shields
 10100 | D:11     | Noticed a cyan ugly thing
 10119 | D:11     | Killed a cyan ugly thing
 10454 | D:11     | Noticed a cyan ugly thing
 10475 | D:11     | Killed a cyan ugly thing
 10539 | D:11     | Found Suminuag's Magic Scroll Boutique.
 10547 | D:11     | Noticed a purple ugly thing
 10562 | D:11     | Killed a purple ugly thing
 10588 | D:11     | Reached skill level 10 in Shields
 11095 | D:12     | Found a staircase to the Orcish Mines.
 11195 | D:12     | Found a gate leading to a gauntlet.
 11289 | Gauntlet | Entered a Gauntlet
 11289 | Gauntlet | Found a transporter.
 11298 | Gauntlet | Found a transporter.
 11302 | Gauntlet | Found a runed translucent door.
 11303 | Gauntlet | Noticed a death ooze
 11310 | Gauntlet | Found a runed translucent door.
 11312 | Gauntlet | Found a transporter.
 11314 | Gauntlet | Found a transporter.
 11318 | Gauntlet | Noticed a green death
 11325 | Gauntlet | Found a transporter.
 11340 | Gauntlet | Found a transporter.
 11350 | Gauntlet | Found a transporter.
 11360 | Gauntlet | Found a transporter.
 11374 | Gauntlet | Found a transporter.
 11389 | Gauntlet | Found a transporter.
 11389 | Gauntlet | Found a transporter.
 11396 | Gauntlet | Found a transporter.
 11479 | Gauntlet | Found a transporter.
 11547 | Gauntlet | Reached XP level 12. HP: 106/106 MP: 11/11
 11634 | Gauntlet | Got a slimy cloak
 11640 | Gauntlet | Identified the +2 cloak of Okhlek {Str+5} (You found it in
                  | a Gauntlet)
 11656 | Gauntlet | Noticed a minotaur
 11674 | Gauntlet | Killed a minotaur
 11680 | Gauntlet | Got a steaming golden amulet
 11687 | Gauntlet | Identified the amulet "Xeahotu" {+Inv rElec rC+ Regen+
                  | Str-2} (You found it in a Gauntlet)
 11857 | D:12     | Found Fuxzys's Antique Weapon Shop.
 12256 | Lair:1   | Entered Level 1 of the Lair of Beasts
 12273 | Lair:1   | Noticed a five-headed hydra
 12285 | Lair:1   | Killed a five-headed hydra
 13104 | Lair:2   | Got a glittering turquoise ring
 13127 | Lair:2   | Identified the ring "Buqunoq" {rElec rC+ Int+3} (You found
                  | it on level 2 of the Lair of Beasts)
 13279 | Lair:2   | Reached skill level 15 in Shields
 13851 | Lair:2   | Reached skill level 5 in Dodging
 13926 | Lair:2   | Received a gift from Trog
 14007 | Lair:2   | Found a staircase to the Swamp.
 14305 | Lair:3   | Reached XP level 13. HP: 113/113 MP: 12/12
 14358 | Lair:3   | Found a hole to the Spider Nest.
 14372 | Lair:3   | Got a brightly glowing granite ring
 14500 | Lair:3   | Received a gift from Trog
 14965 | Lair:4   | Reached skill level 10 in Dodging
 15045 | Lair:4   | Identified the cursed +1 rapier of Paper {distort, rC+}
 16236 | Lair:5   | Found a staircase to the Slime Pits.
 16288 | Lair:5   | Received a gift from Trog
 16332 | Lair:5   | Reached skill level 15 in Axes
 16348 | Lair:5   | Noticed Snorg
 16360 | Lair:5   | Killed Snorg
 16438 | Lair:5   | You fall into a shaft and drop 1 floor!
 16438 | Lair:6   | Entered Level 6 of the Lair of Beasts
 16512 | Lair:6   | Received a gift from Trog
 16611 | Lair:6   | Reached XP level 14. HP: 84/124 MP: 13/13
 16714 | Lair:6   | Identified the ring "Apnaut" {+Blink rCorr Int-2 Dex+7
                  | SInv} (You found it on level 3 of the Lair of Beasts)
 17167 | Lair:6   | Reached skill level 16 in Axes
 17237 | Lair:6   | Received a gift from Trog
 17905 | Orc:1    | Entered Level 1 of the Orcish Mines
 17906 | Orc:1    | Noticed Maurice
 17919 | Orc:1    | Killed Maurice
 17992 | Orc:2    | Entered Level 2 of the Orcish Mines
 17995 | Orc:2    | Reached skill level 1 in Evocations
 18053 | Orc:2    | Killed from afar by an orc warrior

Levels and vault maps discovered:
D:1:      mainiacjoe_arrival_reflecting_pool, layout_basic,
          kennysheep_flooded_box, minmay_misc_feat_x, minmay_misc_feat_pillars
D:2:      layout_basic, grunt_qazlal_clouds, minmay_3d_cube, uniq_terence
D:3:      layout_basic, overflow_temple_1_default,
          nicolae_ru_great_annihilating_truth,
          chequers_ecumenical_altar_simple_redux, serial_rivers,
          chequers_serial_rivers_micro_c, chequers_serial_rivers_micro_e,
          chequers_serial_rivers_micro_c, chequers_serial_rivers_room_a
D:4:      layout_loops_cross, nicolae_gozag_seed_capital, enter_ossuary_5,
          gammafunk_ghost_stat_death, first_ration, chequers_avenue,
          minmay_misc_feat_ornament, minmay_cut_off, uniq_menkaure, uniq_robin
D:5:      layout_basic, amethyst_overflow_temple_binary, basic_altar,
          ebering_ghost_sewer_f
D:6:      layout_loops_ring, cheibrodos_ashenzari_chains,
          kennysheep_generic_room_9
D:7:      layout_basic, makhleb_altar_promises_db, elyvilon_altar_5,
          minmay_temple_entry_glassed_door, grunt_livestock, minmay_between
D:8:      layout_basic, lair_entry_dummy, enter_bailey_6
D:9:      layout_basic, kennysheep_mini_moat, serial_shops, shop
D:10:     nrook_guardian_serpent_snake_passage, layout_loops_ring, uniq_grum
D:11:     layout_loops_ring, serial_shops, shop
D:12:     layout_small_grid, david_orc_2, gauntlet_entry_generic, serial_shops,
          nicolae_shop_overgrown_old_shop
Temple:   minmay_temple_forest_path
Lair:1:   layout_cave_pods
Lair:2:   beast_lair_carwin_large_4, layout_cave_pods,
          nicolae_swamp_entry_splash_gauntlet, minmay_lair_oklob_chamber,
          infiniplex_staircase_pool
Lair:3:   layout_misc_corridors, spider_nest_entry_web_field, special_room
          [special_room_bee], grunt_megastairs_5
Lair:4:   regret_index_combs_of_tragedy, layout_regular_city,
          roderic_carrion_pond
Lair:5:   layout_cave_pods, minmay_slime_entry_eyes, uniq_snorg
Lair:6:   guppyfry_lair_end_dragon, layout_gridlike,
          hangedman_lair_caniforms_friends, nicolae_quartered_pool_little
Orc:1:    layout_diamond_mine, serial_shops, shop, uniq_maurice
Orc:2:    st_orc_elflike, layout_caves, nooodl_orcs_dogs

Skill      XL: |  1  2  3  4  5  6  7  8  9 10 11 12 13 14 |
---------------+-------------------------------------------+-----
Axes           | 4 5 6 7 8 9 11 13 14 15 16 | 16.0
Fighting       | 7 10 11 12 | 12.5
Armour         | 7 10 11 13 | 13.0
Shields        | 3 12 15 | 15.0
Dodging        | 7 10 | 10.0
Evocations     | 1 |  1.8

Action                   |  1- 3 |  4- 6 |  7- 9 | 10-12 | 13-15 || total
-------------------------+-------+-------+-------+-------+-------++-------
Melee: Hand axe          |    60 |   219 |   235 |   877 |   518 ||  1909
       Headbutt          |    10 |    33 |    51 |   223 |   175 ||   492
       Broad axe         |       |       |       |       |   221 ||   221
Throw: Dart              |       |       |       |       |     5 ||     5
Invok: Berserk           |       |     1 |     4 |     3 |     2 ||    10
       Brothers in Arms  |       |       |       |     7 |     4 ||    11
       Trog's Hand       |       |       |       |     1 |       ||     1
  Use: Scroll            |       |       |     7 |    15 |     1 ||    23
 Stab: Paralysed         |       |     1 |       |       |       ||     1
       Petrified         |       |       |       |       |     6 ||     6
       Petrifying        |       |       |       |       |     1 ||     1
  Eat: Chunk             |       |     6 |    11 |    28 |    16 ||    61
       Ration            |       |     1 |     1 |     1 |       ||     3
Armor: Animal skin       |     6 |     1 |       |       |       ||     7
       Scale mail        |       |    65 |    85 |    10 |       ||   160
       Plate armour      |       |       |       |   244 |   152 ||   396
Dodge: Dodged            |    48 |    85 |    94 |   140 |    75 ||   442
Block: Shield            |       |       |       |   432 |   839 ||  1271
